 Dungeon Crawl Stone Soup version 0.31-a0-303-gdc8c9485ea (webtiles) character file.

Game seed: 9686639032658826902

312 Zonian the Sneak (level 6, -4/32 HPs)
             Began as a Vine Stalker Brigand on July 16, 2023.
             Was an Initiate of Ashenzari.
             Slain by Duvessa
             ... wielding a +0 short sword
              (7 damage)
             ... on level 4 of the Dungeon.
             The game lasted 00:05:50 (3289 turns).

Zonian the Sneak (Vine Stalker Brigand)             Turns: 3289, Time: 00:05:50

Health: -4/32      AC:  5    Str: 14    XL:     6   Next: 42%
Magic:  0/7        EV: 12    Int: 11    God:    Ashenzari [......]
Gold:   234        SH:  0    Dex: 17    Spells: 5/5 levels left

rFire   . . .        a - +2 dagger
rCold   . . .        (no shield)
rNeg    . . .        b - +0 robe
rPois   .            (no helmet)
rElec   .            c - +0 cloak
rCorr   .            p - +1 pair of gloves
SInv    +            (no boots)
Will    .....        (no amulet)
Stlth   +++          h - ring of see invisible
HPRegen 1.05/turn    (no ring)
MPRegen 0.10/turn

%: guardian spirit
@: no status effects
A: fangs 2, regeneration 1, magic shield, antimagic bite, no potion heal 2
a: Renounce Religion


You were on level 4 of the Dungeon.
You worshipped Ashenzari.
Ashenzari was noncommittal.
You visited 2 branches of the dungeon, and saw 5 of its levels.

You collected 234 gold pieces.

Inventory:

Hand Weapons
 a - a +2 dagger (weapon)
Missiles
 d - 9 poisoned darts (quivered)
 e - 13 curare-tipped darts
 o - a throwing net
Armour
 b - a +0 robe (worn)
 c - a +0 cloak (worn)
 p - a +1 pair of gloves (worn)
Jewellery
 h - a ring of see invisible (left hand)
Scrolls
 f - a scroll of identify
 g - 2 scrolls of fog {unknown}
 k - a scroll of immolation {unknown}
 l - a scroll of enchant armour
 m - a scroll of fear {unknown}
 q - a scroll of noise {unknown}
 s - 2 scrolls of teleportation {unknown}
Potions
 i - a potion of mutation {unknown}
 n - a potion of attraction {unknown}
 r - a potion of ambrosia {unknown}


   Skills:
 + Level 3.5 Fighting
 + Level 3.5 Short Blades
 - Level 2.1 Throwing
 - Level 1.2 Dodging
 + Level 6.6 Stealth


You had 5 spell levels left.
You didn't know any spells.
Your spell library contained the following spells:

 Spells                   Type           Power      Damage    Failure   Level
 Magic Dart               Conj           0%         1d3       34%         1
 Slow                     Hex            0%         N/A       34%         1
 Call Imp                 Summ           0%         N/A       47%         2
 Confusing Touch          Hex            0%         N/A       71%         3
 Mephitic Cloud           Conj/Pois/Air  0%         N/A       71%         3
 Vampiric Draining        Necr           0%         2d6       71%         3
 Animate Armour           Summ/Erth      0%         N/A       98%         4
 Summon Lightning Spire   Summ/Air       0%         N/A       98%         4
 Lee's Rapid Deconstruct  Erth           0%         3d4*      100%        5


Dungeon Overview and Level Annotations

Branches:
Dungeon (4/15)             Temple (1/1) D:4

Altars:
Ashenzari
Cheibriados
Elyvilon
Fedhas
Gozag
Hepliaklqana
Makhleb
Nemelex Xobeh
Okawaru
Qazlal
Ru
Sif Muna
Trog
Uskayaw
Vehumet
Wu Jian
Xom
Yredelemnul
Zin

Annotations:
D:4 Duvessa, Sigmund


Innate Abilities, Weirdness & Mutations

You have extremely sharp teeth.
Your natural rate of healing is unusually fast.
When hurt, damage is shared between your health and your magic reserves.
Your bite disrupts and absorbs the magic of your enemies.
Potions cannot restore your health.


Message History

Unknown command.
Aiming: Iceblast
Press: ? - help, Shift-Dir - straight line, f - Duvessa
Aim: Duvessa, wielding a +0 short sword and wearing a +0 ring mail (berserk)
The mass of ice explodes!
The iceblast engulfs Duvessa.
Duvessa is lightly wounded.
Unknown command.
Aiming: Iceblast
Press: ? - help, Shift-Dir - straight line, f/p - Duvessa
Aim: Duvessa, wielding a +0 short sword and wearing a +0 ring mail (lightly wounded, berserk)
The mass of ice explodes!
The iceblast engulfs Duvessa.
Duvessa is lightly wounded.
The now-empty wand crumbles to dust.
You hit Duvessa but do no damage. You bite Duvessa. You drain her power.
Duvessa is lightly wounded.
Duvessa hits you with a +0 short sword.
You hit Duvessa. You bite Duvessa, but do no damage.
Duvessa is lightly wounded.
Duvessa hits you with a +0 short sword.
You hit Duvessa but do no damage. You bite Duvessa, but do no damage.
Duvessa is lightly wounded.
Duvessa hits you with a +0 short sword! Duvessa misses you.
Unknown command.
You hit Duvessa. Your bite misses Duvessa.
Duvessa is lightly wounded.
Duvessa hits you with a +0 short sword!
Unknown command.
As you read the scroll labelled YROEMP LESTU, it crumbles to dust.
It is a scroll of enchant armour.
Your +0 pair of gloves glows green for a moment.
Duvessa closely misses you.
Unknown command.
You hit Duvessa but do no damage. Your bite misses Duvessa.
Duvessa is lightly wounded.
Duvessa hits you but does no damage. Duvessa hits you with a +0 short sword!
* * * LOW HITPOINT WARNING * * *
You hit Duvessa. Your bite misses Duvessa.
Duvessa is lightly wounded.
Duvessa hits you with a +0 short sword!
You die...

###.....###.# #####
#~~~~~~~~~#.# ####### #....
.#~#(....#~#.# .....^....###
..~.......~..# ........ #
..~.......~..# ....... #
..~...>...~..# ....... #
..~.......~..#### #.........
#
..~.......~.....####.........
#
.#~#.....#~#....@e.)........
# #~~~~~~~~~#....####........
### ###.....###....# #.......
..# ...........### #......#
#.# ####.########
###......#####.# #.
............##.#
##.....#...##.#
#.....###......
#........#....#


You could see Duvessa (berserk).

Vanquished Creatures
  An ogre (D:4)
  Dowan (D:4)
  2 iguanas (D:4)
  5 adders (D:2)
  2 ufetubi
  4 worms
  A dart slug (D:1)
  An orc (D:3)
  12 ball pythons
  3 bats
  2 endoplasms
  3 giant cockroaches
  5 hobgoblins
  4 jackals (D:1)
  2 quokkas
  2 frilled lizards
  3 goblins
  6 kobolds
59 creatures vanquished.

Notes
Turn   | Place    | Note
-------+----------+-------------------------------------------
     0 | D:1      | Zonian the Vine Stalker Brigand began the quest for the
                  | Orb.
     0 | D:1      | Reached XP level 1. HP: 11/11 MP: 2/2
   305 | D:1      | Reached skill level 1 in Dodging
   305 | D:1      | Reached skill level 5 in Stealth
   305 | D:1      | Reached XP level 2. HP: 11/15 MP: 0/3
   580 | D:1      | Found a faded altar of an unknown god.
   832 | D:2      | Reached XP level 3. HP: 3/18 MP: 2/4
  1245 | D:2      | Gained mutation: Your natural rate of healing is unusually
                  | fast. [Vine Stalker growth]
  1245 | D:2      | Reached XP level 4. HP: 20/23 MP: 5/5
  2126 | D:3      | Found a stormy altar of Qazlal.
  2695 | D:4      | Reached XP level 5. HP: 28/28 MP: 6/6
  2777 | D:4      | Noticed an ogre
  2781 | D:4      | Killed an ogre
  2782 | D:4      | Reached skill level 6 in Stealth
  2782 | D:4      | Reached XP level 6. HP: 32/32 MP: 7/7
  2800 | D:4      | Noticed Sigmund
  2802 | D:4      | Noticed Dowan
  2803 | D:4      | Noticed Duvessa
  3012 | D:4      | Found a staircase to the Ecumenical Temple.
  3022 | Temple   | Entered the Ecumenical Temple
  3107 | Temple   | Became a worshipper of Ashenzari the Shackled
  3147 | D:4      | Killed Dowan
  3289 | D:4      | Slain by Duvessa

Illustrated notes

Levels and vault maps discovered:
D:1:      wander_arrival_estate, layout_basic, ebering_ecumenical_altar_mist
D:2:      layout_basic, dreamdust_mushroom_princess, minmay_shallow_snake_nest
D:3:      layout_basic, old_standard_altar, minivault_23
D:4:      layout_basic, minmay_temple_entry_water_ring, patterned_corridor,
          uniq_sigmund, uniq_crazy_yiuf_cottage, uniq_duvessa
Temple:   mainiacjoe_temple_coin_purse

Skill      XL: |  1  2  3  4  5 |
---------------+----------------+-----
Dodging        | 1 |  1.2
Stealth        | 5 6 |  6.6
Fighting       | 2 3 |  3.5
Short Blades   | 2 3 |  3.5
Throwing       | 2 |  2.1

Action                     |  1- 3 |  4- 6 || total
---------------------------+-------+-------++-------
  Melee: Dagger            |    77 |    82 ||   159
         Bite              |    21 |    26 ||    47
  Evoke: Wand              |       |     4 ||     4
    Use: Scroll            |       |     2 ||     2
         Potion            |       |     1 ||     1
   Stab: Sleeping          |     5 |    19 ||    24
         Distracted        |       |     1 ||     1
 Armour: Robe              |    15 |    10 ||    25
  Dodge: Dodged            |    29 |    23 ||    52

Table legend: (Time is in decaauts)
 A = Elapsed time spent in this place.
 B = Non-inter-level travel time spent in this place.
 C = Inter-level travel time spent in this place.
 D = Time resting spent in this place.
 E = Time spent auto-exploring this place.
 F = Levels seen in this place.
 G = Mean time per level.
                   A        B        C        D        E       F      G
               +--------+--------+--------+--------+--------+-----+--------+
         Total |   3256 |   3173 |     83 |    516 |   1913 |   5 |  651.2 |
       Dungeon |   3160 |   3087 |     73 |    516 |   1848 |   4 |  790.0 |
        Temple |     95 |     85 |     10 |      0 |     65 |   1 |   95.0 |
               +--------+--------+--------+--------+--------+-----+--------+

Top non-repeatable levels by time:
     D:2: 966 daAuts
     D:1: 803 daAuts
     D:3: 751 daAuts
     D:4: 638 daAuts
  Temple: 95 daAuts
